 Dungeon Crawl Stone Soup version 0.30.1-6-gbe392663c4 (webtiles) character file.

Game seed: 4803079694729795429

818 Ivernyr the Shield-Bearer (level 8, 0/62 HPs)
             Began as a Formicid Fighter on Sept 20, 2023.
             Slain by a gnoll sergeant
             ... wielding a +2 trident of freezing
              (4 damage)
             ... on level 5 of the Dungeon.
             The game lasted 00:07:00 (3815 turns).

Ivernyr the Shield-Bearer (Formicid Fighter)        Turns: 3815, Time: 00:07:01

Health: 0/62       AC:  8    Str: 24    XL:     8   Next: 16%
Magic:  8/8        EV:  9    Int:  7    God:
Gold:   328        SH:  6    Dex: 19    Spells: 7/7 levels left

rFire   . . .        a - +0 quarterstaff
rCold   . . .        c - +0 buckler
rNeg    . . .        b - +0 scale mail
rPois   .            (helmet unavailable)
rElec   .            k - +0 cloak
rCorr   .            (no gloves)
SInv    +            (no boots)
Will    .....        (no amulet) Stlth
                     e - +6 ring of dexterity
HPRegen 0.30/turn    (no ring)
MPRegen 0.11/turn

%: no passive effects
@: mighty
A: permanent stasis, dig shafts and tunnels, antennae 3, four strong arms
a: Dig, Shaft Self


You were on level 5 of the Dungeon.
You visited 1 branch of the dungeon, and saw 5 of its levels.

You collected 328 gold pieces.

Inventory:

Hand Weapons
 a - a +0 quarterstaff (weapon)
Armour
 b - a +0 scale mail (worn)
 c - a +0 buckler (worn)
 k - a +0 cloak (worn)
Jewellery
 e - a +6 ring of dexterity (left hand)
 v - a ring of protection from cold
Wands
 r - a wand of digging (5)
 s - a wand of charming (16)
 w - a wand of roots (6)
Scrolls
 f - a scroll of fear {unknown}
 g - 2 scrolls of vulnerability {unknown}
 h - 6 scrolls of identify {unknown}
 i - 3 scrolls of noise {unknown}
 j - 2 scrolls of fog {unknown}
 m - a scroll of silence {unknown}
 n - a scroll of teleportation {unknown}
 p - a scroll of enchant armour {unknown}
 q - a scroll of enchant weapon {unknown}
 t - a scroll of immolation {unknown}
 u - a scroll of amnesia {unknown}
Potions
 l - a potion of brilliance {unknown}
 o - a potion of ambrosia {unknown}
 x - a potion of attraction {unknown}


   Skills:
 + Level 5.3 Fighting
 * Level 5.8 Staves
 + Level 5.3 Armour
 + Level 6.3 Shields


You had 7 spell levels left.
You didn't know any spells.
Your spell library contained the following spells:

 Spells                   Type           Power      Damage    Failure   Level
 Scorch                   Fire           0%         2d5       88%         2
 Flame Wave               Conj/Fire      0%         2d4       100%        4
 Summon Cactus Giant      Summ           0%         N/A       100%        6


Dungeon Overview and Level Annotations

Branches:
Dungeon (5/15)
 Temple: D:4-7

Altars:
Cheibriados
Gozag
Kikubaaqudgha
Makhleb
Xom
The Shining One

Shops:
D:4 *


Innate Abilities, Weirdness & Mutations

You cannot be hasted, slowed, berserked, paralysed or teleported.
You can dig through walls and to a lower floor.
You have a pair of large antennae on your head. (SInv)
Your four strong arms can wield two-handed weapons with a shield.


Message History

You are no longer poisoned.
You are no longer corroded.
j - 2 scrolls labelled TEUDISO LOOGAU (gained 1)
You now have 328 gold pieces (gained 11).
A gnoll sergeant comes into view.
It is wielding a +2 trident of freezing.
A gnoll sergeant is nearby!
The gnoll sergeant shouts!
The gnoll sergeant hits you but does no damage.
The gnoll sergeant hits you with a +2 trident of freezing.
The gnoll sergeant freezes you.
You hit the gnoll sergeant but do no damage.
The gnoll sergeant misses you.
You hit the gnoll sergeant but do no damage.
You block the gnoll sergeant's attack.
You hit the gnoll sergeant.
The gnoll sergeant is moderately wounded.
The gnoll sergeant hits you with a +2 trident of freezing!
The gnoll sergeant freezes you.
You sock the gnoll sergeant!
The gnoll sergeant is heavily wounded.
The gnoll sergeant hits you with a +2 trident of freezing!
The gnoll sergeant freezes you.
You hit the gnoll sergeant.
The gnoll sergeant is heavily wounded.
The gnoll sergeant hits you with a +2 trident of freezing!
The gnoll sergeant freezes you.
You hit the gnoll sergeant but do no damage.
The gnoll sergeant is heavily wounded.
The gnoll sergeant barely misses you.
You completely miss the gnoll sergeant.
The gnoll sergeant is heavily wounded.
The gnoll sergeant hits you with a +2 trident of freezing.
* * * LOW HITPOINT WARNING * * *
The gnoll sergeant freezes you.
* * * LOW HITPOINT WARNING * * *
You feel very mighty all of a sudden.
The gnoll sergeant hits you with a +2 trident of freezing!
* * * LOW HITPOINT WARNING * * *
The gnoll sergeant freezes you.
You die...

..........#........#
..........#........#
..........#........#####
..........########......
........>.## #.#####
...........#######.#....
........................
......:.....######.....#
......g@....## #.....#
.............####......#
...........#...##......#
########...###.##......#
#...# #.###.....# ##.##
#.#.......#
#.####.#.......#
#.#............#
#.#.#.#........#


You could see a gnoll sergeant.

Vanquished Creatures
  Eustachio (D:5)
  A water moccasin (D:5)
  2 ogres (D:5)
  A phantom (D:5)
  A scorpion (D:5)
  A jelly (D:5)
  2 orc wizards
  5 gnolls (D:5)
  7 adders
  An ufetubus (D:4)
  3 worms
  7 orcs
  A bat (D:2)
  A bat zombie (D:4)
  8 endoplasms
  2 giant cockroaches
  9 hobgoblins
  4 jackals (D:1)
  3 quokkas
  6 ball pythons
  4 frilled lizards (D:1)
  6 goblins
  10 kobolds
  5 rats
  2 rat zombies (D:4)
93 creatures vanquished.

Notes
Turn   | Place    | Note
-------+----------+-------------------------------------------
     0 | D:1      | Ivernyr the Formicid Fighter began the quest for the Orb.
     0 | D:1      | Reached XP level 1. HP: 18/18 MP: 1/1
   135 | D:1      | Reached XP level 2. HP: 24/24 MP: 2/2
   489 | D:1      | Reached XP level 3. HP: 29/29 MP: 3/3
   539 | D:1      | Found a faded altar of an unknown god.
   861 | D:2      | Reached XP level 4. HP: 37/37 MP: 4/4
  1212 | D:3      | Found a burning altar of Makhleb.
  1212 | D:3      | Found a snail-covered altar of Cheibriados.
  1247 | D:3      | Reached XP level 5. HP: 37/42 MP: 5/5
  1287 | D:3      | Found a glowing golden altar of the Shining One.
  1460 | D:4      | Found a shimmering altar of Xom.
  1988 | D:4      | Reached skill level 5 in Shields
  2000 | D:4      | Found an opulent altar of Gozag.
  2291 | D:4      | Found Kuawysh's Fire Supplies.
  2419 | D:4      | Reached XP level 6. HP: 48/48 MP: 6/6
  2425 | D:4      | Found an ancient bone altar of Kikubaaqudgha.
  2620 | D:5      | Entered Level 5 of the Dungeon
  2635 | D:5      | Noticed Eustachio
  2635 | D:5      | Noticed an ogre
  2663 | D:5      | Killed an ogre
  2756 | D:5      | Killed Eustachio
  2757 | D:5      | Reached XP level 7. HP: 53/55 MP: 7/7
  2822 | D:5      | Noticed a water moccasin
  2836 | D:5      | Killed a water moccasin
  2837 | D:5      | Reached skill level 5 in Staves
  2952 | D:5      | Reached skill level 5 in Fighting
  2952 | D:5      | Reached skill level 5 in Armour
  2952 | D:5      | Reached skill level 6 in Shields
  3279 | D:5      | Reached XP level 8. HP: 55/62 MP: 8/8
  3815 | D:5      | Slain by a gnoll sergeant

Illustrated notes

Levels and vault maps discovered:
D:1:      ncdulo_watergridlock, layout_basic, basic_ecumenical_altar,
          minmay_hexomino_u4
D:2:      layout_rooms
D:3:      layout_rooms, lemuel_crystal_altar,
          chequers_temple_overflow_statue_of_worship
D:4:      layout_gridville, lemuel_round_altar,
          lemuel_zombie_altar_kikubaaqudgha, grunt_gozag_statues,
          nicolae_shop_fire_sale [nicolae_sub_dead_trees], minmay_misc_feat_x,
          roderic_lattice_a
D:5:      layout_basic, serial_shops, nicolae_shop_trees,
          palyth_stone_intersect, uniq_eustachio

Skill      XL: |  1  2  3  4  5  6  7 |
---------------+----------------------+-----
Staves         | 3 4 5 |  5.8
Fighting       | 4 5 |  5.3
Armour         | 4 5 |  5.3
Shields        | 5 6 |  6.3

Action                     |  1- 3 |  4- 6 |  7- 9 || total
---------------------------+-------+-------+-------++-------
  Melee: Quarterstaff      |    87 |   143 |    82 ||   312
    Use: Potion            |       |       |     1 ||     1
 Armour: Scale mail        |    38 |    62 |    14 ||   114
  Dodge: Dodged            |    34 |    73 |    33 ||   140
  Block: Buckler           |    33 |    31 |    23 ||    87
